Map: Eternal Empire LE

Players

MarineLorD

  • Race: Terran Terran
  • League: Master
  • Spawn Location: 7:00

HeroMarine - Winner!

  • Race: Terran Terran
  • League: Master
  • Spawn Location: 1:00

Event: DreamHack SC2 Masters 2020 Fall

VOD

Have the link to the VOD?

Description

Time

  • Played on: Sept. 6, 2020, 2:11 p.m.
  • Length: 12:50

All games in this series

Show
View Real Time Build Order
Export as new Build Order

MarineLorD Terran 

Build Orders: Reaper Expand 

Get SALT Encoding   

  12  0:00  SCV  
  13  0:12  SCV  
  14  0:17  Supply Depot  
  14  0:24  SCV  
  15  0:38  SCV  
  15  0:39  Barracks  
  16  0:43  Refinery  
  16  0:50  SCV  
  17  1:03  SCV  
  18  1:15  SCV  
  19  1:27  Orbital Command, Reaper  
  20  1:42  Command Center  
  20  1:53  SCV  
  21  1:56  Supply Depot  
  21  1:59  Marine  
  22  2:05  SCV  
  23  2:12  Factory  
  23  2:17  SCV, Marine  
  23  2:22  Refinery  
  25  2:29  SCV  
  26  2:36  Barracks Reactor  
  26  2:41  SCV  
  27  2:54  SCV  
  27  2:55  Starport  
  27  2:57  Orbital Command  
  28  3:06  Refinery, SCV  
  29  3:14  Refinery  
  29  3:17  Hellion x2  
  29  3:18  SCV  
  34  3:23  SCV  
  35  3:30  SCV  
  36  3:35  Starport, SCV  
  37  3:42  SCV  
  37  3:44  Fusion Core  
  37  3:47  SCV  
  39  3:51  Supply Depot  
  39  3:54  SCV  
  40  3:59  SCV  
  40  4:00  Supply Depot  
  41  4:08  SCV  
  42  4:11  Starport Tech Lab x2, SCV  
  43  4:21  SCV  
  43  4:23  SCV  
  45  4:31  Battlecruiser  
  45  4:32  Weapon Refit  
  51  4:50  SCV  
  51  4:51  Battlecruiser  
  59  4:56  Hellion  
  59  4:59  Hellion  
  62  5:01  Supply Depot  
  62  5:02  Supply Depot  
  62  5:10  Supply Depot  
  62  5:22  Supply Depot  
  62  5:23  Hellion x2, SCV x2  
  62  5:24  Supply Depot  
  68  5:35  SCV x2  
  70  5:38  Battlecruiser  
  76  5:47  SCV x2  
  83  5:57  Battlecruiser  
  83  5:59  SCV  
  83  6:02  Hellion x2  
  87  6:11  SCV  
  87  6:12  SCV  
  88  6:20  Command Center  
  88  6:23  SCV  
  88  6:24  SCV  
  89  6:35  SCV  
  89  6:36  SCV  
  91  6:44  Battlecruiser  
  91  6:47  SCV, Supply Depot  
  97  6:48  SCV  
  97  6:49  Supply Depot  
  99  7:00  SCV x2  
  101  7:12  SCV x2  
  101  7:15  Supply Depot  
  103  7:17  Supply Depot  
  103  7:20  Battlecruiser  
  109  7:24  SCV x2  
  111  7:35  Refinery  
  111  7:38  SCV x2  
  111  7:40  Refinery  
  111  7:42  Armory  
  113  7:48  Battlecruiser  
  113  7:50  SCV  
  113  7:51  SCV  
  121  7:52  Orbital Command  
  121  8:03  SCV x2  
  117  8:15  SCV x2  
  117  8:19  SCV  
  120  8:22  Hellion x2  
  120  8:24  Battlecruiser  
  130  8:27  SCV x2  
  130  8:31  SCV  
  127  8:38  Terran Vehicle And Ship Armor Level 1  
  127  8:39  SCV x2  
  127  8:41  Factory x2  
  129  8:44  Hellion x2, SCV  
  132  8:51  SCV x2  
  132  8:55  Factory x2  
  134  8:59  Battlecruiser  
  141  9:03  SCV  
  141  9:09  Command Center  
  141  9:11  Hellion x2  
  141  9:13  SCV x2  
  145  9:19  SCV  
  144  9:25  SCV  
  144  9:27  Factory Tech Lab x2  
  144  9:29  SCV  
  146  9:32  SCV  
  146  9:37  SCV  
  128  9:40  Battlecruiser  
  128  9:41  SCV  
  128  9:44  SCV  
  140  9:45  Hellion x2  
  140  9:49  SCV  
  136  9:55  SCV  
  137  10:01  Factory Tech Lab, Siege Tank x2, Factory Reactor  
  137  10:04  SCV  
  137  10:05  Armory  
  137  10:06  Supply Depot  
  144  10:07  Supply Depot  
  144  10:08  Engineering Bay, Supply Depot  
  144  10:09  Supply Depot x2  
  144  10:11  Supply Depot  
  144  10:18  Battlecruiser  
  144  10:19  Hellion x2  
  154  10:23  SCV x2  
  156  10:29  Supply Depot  
  156  10:30  Supply Depot  
  156  10:35  Unknown  
  156  10:43  Sensor Tower  
  156  10:46  Battlecruiser  
  162  10:56  Planetary Fortress  
  162  11:01  SCV x2  
  162  11:02  SCV  
  162  11:03  Missile Turret  
  165  11:06  Command Center  
  165  11:13  SCV x2  
  165  11:14  SCV  
  155  11:25  SCV x2  
  155  11:26  SCV  
  155  11:30  Battlecruiser  
  155  11:31  Missile Turret  
  164  11:37  Hellion x2, SCV  
  164  11:38  SCV x2  
  169  11:44  Siege Tank x2  
  165  11:50  SCV x3  
  168  11:54  Siege Tank  
  145  12:16  Siege Tank  
Show
View Real Time Build Order
Export as new Build Order

HeroMarine Terran - Winner!

Build Orders: Reaper Expand 

Get SALT Encoding   

  12  0:00  SCV  
  13  0:12  SCV  
  14  0:17  Supply Depot  
  14  0:24  SCV  
  15  0:38  SCV  
  15  0:39  Barracks  
  16  0:43  Refinery  
  16  0:50  SCV  
  17  1:02  SCV  
  18  1:15  SCV  
  19  1:27  Orbital Command, Reaper  
  20  1:45  Command Center  
  20  1:52  SCV  
  21  1:55  Supply Depot  
  21  1:59  Reaper  
  22  2:04  SCV  
  23  2:16  SCV  
  23  2:20  Factory  
  24  2:28  SCV  
  25  2:38  Command Center  
  25  2:40  Barracks Reactor  
  25  2:43  SCV  
  26  2:50  Refinery  
  26  2:55  SCV  
  27  2:59  Orbital Command  
  27  3:05  Hellion  
  29  3:08  SCV  
  30  3:15  Starport  
  30  3:19  Marine x2  
  31  3:22  SCV  
  31  3:25  SCV  
  34  3:28  Factory Tech Lab  
  34  3:34  Refinery, SCV  
  35  3:37  SCV, Marine  
  35  3:39  Marine  
  38  3:46  SCV  
  42  3:49  SCV  
  42  3:52  Starport Tech Lab, Siege Tank  
  43  3:56  Orbital Command  
  43  3:59  SCV  
  43  4:01  SCV  
  43  4:02  Marine  
  46  4:05  Marine  
  46  4:09  Refinery  
  47  4:11  SCV  
  47  4:13  SCV  
  47  4:16  Raven  
  51  4:19  Supply Depot  
  51  4:23  SCV  
  51  4:24  SCV  
  53  4:25  SCV  
  53  4:27  Marine x2  
  59  4:31  Siege Tank  
  59  4:36  SCV  
  59  4:37  Supply Depot  
  59  4:38  SCV  
  61  4:41  SCV  
  62  4:49  Engineering Bay x2, SCV  
  62  4:50  SCV  
  64  5:03  Cyclone  
  64  5:06  Bunker  
  68  5:07  Viking x2  
  68  5:08  Stimpack  
  68  5:11  Marauder  
  72  5:15  Missile Turret  
  72  5:17  Missile Turret  
  72  5:23  Missile Turret  
  72  5:33  Supply Depot x2  
  72  5:35  SCV x2  
  74  5:37  Viking  
  74  5:41  Supply Depot  
  76  5:47  SCV  
  77  5:51  Supply Depot  
  77  5:54  Viking  
  77  5:55  Siege Tank  
  84  6:00  Terran Infantry Weapons Level 1  
  84  6:02  Barracks x2  
  84  6:03  Terran Infantry Armor Level 1  
  84  6:05  Marine  
  84  6:08  Viking  
  85  6:13  SCV  
  85  6:14  SCV  
  85  6:15  Missile Turret, SCV  
  88  6:23  Marauder  
  88  6:24  Viking  
  88  6:25  SCV  
  93  6:26  SCV  
  93  6:27  SCV  
  92  6:37  SCV  
  92  6:38  Viking, SCV  
  57  6:40  Orbital Command  
  97  6:42  Siege Tank  
  97  6:49  SCV  
  97  6:50  Combat Shield, Missile Turret, SCV, Barracks Reactor  
  97  6:51  Missile Turret, Barracks Reactor  
  99  6:57  Marine  
  99  6:59  Viking  
  102  7:01  SCV  
  102  7:02  SCV  
  102  7:07  Sensor Tower  
  104  7:10  Refinery, SCV  
  104  7:12  Refinery  
  104  7:13  SCV  
  104  7:14  Viking, SCV  
  109  7:23  Supply Depot  
  109  7:26  Supply Depot  
  109  7:30  Barracks  
  109  7:31  Barracks  
  109  7:36  Viking  
  109  7:37  SCV x3  
  114  7:41  Marauder  
  116  7:44  Viking, Supply Depot  
  116  7:46  Armory  
  116  7:47  Marine x2  
  116  7:48  Marine x2  
  116  7:49  SCV  
  116  7:50  SCV x2  
  125  8:01  SCV  
  125  8:02  SCV x2  
  120  8:06  Siege Tank, Marauder, Marine x3  
  120  8:07  Marine  
  120  8:10  Medivac  
  131  8:14  Medivac  
  131  8:16  Starport, SCV x2  
  131  8:17  Starport, SCV  
  131  8:19  Barracks Tech Lab, Concussive Shells  
  136  8:20  Barracks Tech Lab  
  135  8:27  Marauder  
  136  8:34  Missile Turret  
  136  8:36  Missile Turret, Terran Ship Weapons Level 1  
  136  8:37  Missile Turret  
  136  8:40  Viking, Marine x3  
  141  8:43  Bunker  
  141  8:49  Viking  
  141  8:50  Marauder, Supply Depot  
  141  8:51  Marauder  
  141  8:52  Medivac  
  141  8:53  Medivac  
  148  9:04  Marine  
  149  9:12  Terran Infantry Weapons Level 2, Command Center, Marauder x2, Marine  
  149  9:15  Supply Depot  
  154  9:19  Marauder, Supply Depot  
  154  9:24  Marine x3  
  154  9:27  Starport Reactor x2  
  157  9:34  Marauder  
  157  9:35  Marauder  
  151  9:41  Marauder  
  151  9:42  Viking x2  
  135  9:56  Marauder x2  
  135  9:58  Marine x4  
  131  10:02  Marauder  
  131  10:04  Viking x3  
  131  10:05  Viking  
  138  10:11  Viking  
  138  10:12  Viking  
  138  10:13  Thor  
  148  10:22  Marine x4  
  148  10:23  Marine  
  148  10:24  Marine x2  
  155  10:34  Viking x2  
  159  10:35  Sensor Tower  
  159  10:39  Marine x2  
  159  10:40  Marine x2  
  159  10:41  Marine, Unknown  
  159  10:42  Medivac x2  
  168  10:43  Marine x2  
  168  10:48  Viking  
  172  10:52  SCV x2  
  172  10:54  Viking  
  176  10:57  Marine  
  176  11:03  Viking  
  176  11:04  Viking  
  181  11:07  Marine x2  
  183  11:14  Marine x4  
  183  11:16  Viking  
  179  11:22  Viking  
  180  11:29  Viking x2, Supply Depot  
  180  11:30  Orbital Command  
  180  11:32  Marine x3  
  187  11:33  Viking  
  187  11:37  Viking  
  187  11:38  SCV x2  
  187  11:39  SCV  
  186  11:46  Viking  
  185  11:48  Marauder x2  
  185  11:50  SCV x2  
  185  11:51  Marauder, SCV  
  194  11:59  Marine x2  
  194  12:00  Marine x2  
  184  12:02  SCV  
  184  12:04  Viking  
  182  12:09  Marauder  
  182  12:12  Viking  
  182  12:13  Viking x2  
  172  12:17  Viking  
  160  12:29  Marine  
  158  12:30  Marine  
  158  12:31  Marine  

Tags
 
Add a new tag
Caveats
  • Supply blocks, unpowered buildings, or Contaminate may cause inaccurate times.
  • Supply counts are checked every 10 seconds.